 Dungeon Crawl Stone Soup version 0.19-a0-1213-g90c832c (webtiles) character file.

651 Lindan9 the Shield-Bearer (level 7, -1/56 HPs)
             Began as a Formicid Fighter on Aug 23, 2016.
             Slain by a centaur skeleton (6 damage)
             ... on level 5 of the Dungeon.
             The game lasted 00:27:33 (3987 turns).

Lindan9 the Shield-Bearer (Formicid Fighter)        Turns: 3987, Time: 00:27:34

Health: -1/56      AC: 10    Str: 22    XL:     7   Next: 83%
Magic:  7/7        EV: 10    Int:  8    God:
Gold:   160        SH: 10    Dex: 10    Spells: 0 memorised, 6 levels left

rFire  + . .     SeeInvis +     a - +0 war axe
rCold  x . .     Gourm    .     k - +0 scale mail
rNeg   . . .     Faith    .     c - +0 shield
rPois  .         Spirit   .     (helmet unavailable)
rElec  .         Dismiss  .     p - +0 cloak
rCorr  .         Reflect  .     o - +1 pair of gloves
MR     .....     Harm     .     (no boots)
Stlth  ..........               q - amulet of rage
                                (no ring)
                                s - ring of fire

@: no status effects
A: permanent stasis, dig shafts and tunnels, four strong arms, antennae 3
a: Dig, Shaft Self


You were on level 5 of the Dungeon.
You were not hungry.

You visited 1 branch of the dungeon, and saw 5 of its levels.

You collected 160 gold pieces.

Inventory:

Hand Weapons
 a - a +0 war axe (weapon)
 y - a +1 short sword of venom
 z - a +0 bardiche
Armour
 b - a +0 scale mail
 c - a +0 shield (worn)
 j - a cursed -1 robe
 k - a +0 scale mail (worn)
 m - a +0 cloak
 o - a +1 pair of gloves (worn)
 p - a +0 cloak (worn)
Jewellery
 i - an uncursed ring of teleportation
 q - an amulet of rage (around neck)
 s - a ring of fire (left hand)
Wands
 w - a wand of disintegration (16/24)
Scrolls
 h - a scroll of magic mapping {unknown}
 l - a scroll of identify {unknown}
 r - a scroll of amnesia
 u - 3 scrolls of teleportation {unknown}
 v - a scroll of remove curse
 x - a scroll of noise {unknown}
 A - a scroll of enchant weapon {unknown}
Potions
 d - a potion of might
 e - 3 potions of ambrosia
 g - a potion of agility
 n - a potion of magic
 t - a potion of curing {unknown}
Comestibles
 f - a bread ration
 B - a meat ration


   Skills:
 + Level 5.0 Fighting
 + Level 4.1 Axes
 + Level 4.7 Armour
 + Level 2.4 Dodging
 + Level 1.0 Stealth
 + Level 6.1 Shields


You had 6 spell levels left.
You didn't know any spells.

Dungeon Overview and Level Annotations

Branches:
Dungeon (5/15)
 Temple: D:4-7

Altars:
Ashenzari
Cheibriados
Gozag
Makhleb
Zin

Annotations:
D:4 MolotovDodgeball's ghost, amateur FoAK
D:5 Sigmund


Innate Abilities, Weirdness & Mutations

You are under a permanent stasis effect.
You can dig through walls and to a lower floor.
Your four strong arms can wield two-handed weapons with a shield.
You have a pair of large antennae on your head. (SInv)


Message History

You barely miss Sigmund.
Sigmund is severely wounded.
You hit the centaur skeleton but do no damage.
The centaur skeleton hits you.
* * * LOW HITPOINT WARNING * * *
Sigmund hits you but does no damage.
The centaur skeleton closely misses you.
The centaur skeleton hits you but does no damage.
Sigmund hits you with a scythe!
* * * LOW HITPOINT WARNING * * *
You feel less confused.
You block the centaur skeleton's attack.
You block the centaur skeleton's attack.
The centaur skeleton closely misses you.
Sigmund barely misses you.
There is a stone staircase leading down here.
The centaur skeleton hits you.
* * * LOW HITPOINT WARNING * * *
Sigmund hits you but does no damage. The centaur skeleton hits you.
You die...

# #.#### #
#..@.######
.....###Z.....#
####
...#.###.@###.#
...#
.#............#
##.#
..#.#.....####
.#[# #.###.#.#
...## #. #...#
#...# #. ###.#
.#..### # #)#


You could see Sigmund and a centaur skeleton.

Vanquished Creatures
  Menkaure (D:5)
  An ice beast (D:5)
  The ghost of Gordan the Skirmisher, a weakling HOMo of Ru (D:3)
  An orc wizard (D:5)
  2 centaur skeletons (D:5)
  Crazy Yiuf (D:2)
  Jessica (D:2)
  2 worker ants
  3 gnolls (D:3)
  7 adders
  2 worms
  An adder skeleton (D:4)
  A dart slug (D:2)
  4 giant geckos
  12 orcs
  A ball python (D:1)
  4 bats
  4 giant cockroaches
  6 goblins
  10 hobgoblins
  13 jackals (D:3)
  2 quokkas
  2 giant newts
  A jackal skeleton (D:4)
  5 kobolds
  4 rats
92 creatures vanquished.

Notes
Turn   | Place    | Note
-------+----------+-------------------------------------------
     0 | D:1      | Lindan9 the Formicid Fighter began the quest for the Orb.
     0 | D:1      | Reached XP level 1. HP: 18/18 MP: 1/1
   219 | D:1      | Reached XP level 2. HP: 24/25 MP: 2/2
   787 | D:2      | Found a snail-covered altar of Cheibriados.
   807 | D:2      | Reached XP level 3. HP: 20/30 MP: 3/3
   812 | D:2      | Reached skill level 4 in Shields
  1005 | D:2      | Found a runed door.
  1009 | D:2      | Noticed Crazy Yiuf
  1012 | D:2      | Killed Crazy Yiuf
  1012 | D:2      | Reached XP level 4. HP: 3/37 MP: 4/4
  1711 | D:2      | Noticed Jessica
  1717 | D:2      | Killed Jessica
  1744 | D:2      | Reached XP level 5. HP: 39/42 MP: 5/5
  1854 | D:3      | Found a shattered altar of Ashenzari.
  1880 | D:3      | Reached skill level 5 in Shields
  1934 | D:3      | Reached skill level 1 in Dodging
  1937 | D:3      | Found a burning altar of Makhleb.
  1942 | D:3      | Noticed Gordan's ghost (weakling HOMo)
  1954 | D:3      | Killed Gordan's ghost
  1954 | D:3      | Reached XP level 6. HP: 5/49 MP: 6/6
  2725 | D:3      | Found a glowing silver altar of Zin.
  2725 | D:3      | Found a snail-covered altar of Cheibriados.
  3060 | D:4      | Noticed MolotovDodgeball's ghost (amateur FoAK)
  3152 | D:4      | HP: 2/49 [orc priest/dagger (2)]
  3162 | D:4      | You fall through a shaft!
  3162 | D:5      | Entered Level 5 of the Dungeon
  3498 | D:5      | Found an opulent altar of Gozag.
  3588 | D:5      | Reached XP level 7. HP: 51/55 MP: 7/7
  3605 | D:5      | Reached skill level 6 in Shields
  3798 | D:5      | Noticed Menkaure
  3806 | D:5      | Killed Menkaure
  3806 | D:5      | Reached skill level 5 in Fighting
  3806 | D:5      | Reached skill level 1 in Stealth
  3970 | D:5      | Noticed Sigmund
  3987 | D:5      | Slain by a centaur skeleton

Vault maps used:
D:1:      dpeg_arrival_rooms_b
D:2:      kennysheep_slug_shrine, uniq_jessica, uniq_crazy_yiuf_cottage
D:3:      old_standard_altar, gammafunk_temple_overflow_wave, first_bread,
          cheibrodos_ashenzari_chains
D:4:      marbit_many_paths, guppyfry_early_orc_mine, uniq_grinder
D:5:      nicolae_gozag_seed_capital, uniq_sigmund, uniq_duvessa, uniq_pikel,
          uniq_menkaure

Skill      XL: |  1  2  3  4  5  6  7 |
---------------+----------------------+-----
Shields        | 4 5 6 |  6.1
Fighting       | 4 5 |  5.0
Armour         | 4 |  4.7
Dodging        | 1 2 |  2.4
Axes           | 3 4 |  4.1
Stealth        | 1 |  1.0

Action                   |  1- 3 |  4- 6 |  7- 9 || total
-------------------------+-------+-------+-------++-------
Melee: War axe           |    61 |   219 |    45 ||   325
 Abil: Dig               |     1 |       |       ||     1
       Shaft Self        |       |     1 |       ||     1
  Use: Scroll            |     3 |       |       ||     3
       Potion            |       |     3 |       ||     3
  Eat: Bread ration      |       |     2 |       ||     2
       Meat ration       |       |     1 |       ||     1
Armor: Scale mail        |    25 |   125 |    16 ||   166
Dodge: Dodged            |    20 |    83 |    19 ||   122
Block: Shield            |    35 |   147 |    19 ||   201
